 Dungeon Crawl Stone Soup version 0.19.5 (webtiles) character file.

135 JeffiDaFish the Covered (level 5, -12/33 HPs)
             Began as a Gargoyle Fighter on Apr 9, 2017.
             Killed by divine providence
             ... invoked by an orc priest
              (16 damage)
             ... on level 4 of the Dungeon.
             The game lasted 00:04:32 (2267 turns).

JeffiDaFish the Covered (Gargoyle Fighter)          Turns: 2267, Time: 00:04:32

Health: -12/33     AC: 13    Str: 17 (19) XL:     5   Next: 18%
Magic:  5/5        EV:  5    Int:  7 (9)  God:
Gold:   186        SH:  9    Dex:  9 (10) Spells: 0 memorised, 4 levels left

rFire  + + .     SeeInvis .     a - +1 flail
rCold  x . .     Gourm    .     m - +0 chain mail
rNeg   + . .     Faith    .     c - +0 shield
rPois  ∞         Spirit   .     (no helmet)
rElec  +         Reflect  .     (no cloak)
rCorr  .         Harm     .     (no gloves)
MR     .....                    (no boots)
Stlth  ..........               (no amulet)
                                h - ring of protection from fire
                                e - ring of fire

@: no status effects
A: negative energy resistance 1, electricity resistance, unbreathing,
petrification resistance, rot immunity, AC +4
a: no special abilities


You were on level 4 of the Dungeon.
You were not hungry.

You visited 1 branch of the dungeon, and saw 4 of its levels.

You collected 186 gold pieces.

Inventory:

Hand Weapons
 a - a +1 flail (weapon)
Armour
 c - a +0 shield (worn)
 m - a +0 chain mail (worn)
Jewellery
 e - a ring of fire (left hand)
 h - a ring of protection from fire (right hand)
Scrolls
 i - 3 scrolls of identify
Potions
 d - 2 potions of might
 l - 2 potions of agility
Comestibles
 b - 2 beef jerkies
 f - a bread ration
 g - 6 chunks of flesh
 j - a slice of pizza
 k - 2 royal jellies


   Skills:
 + Level 4.0 Fighting
 + Level 3.2 Maces & Flails
 + Level 4.2 Armour
 + Level 0.7 Dodging
 + Level 0.2 Stealth
 + Level 4.0 Shields


You had 4 spell levels left.
You didn't know any spells.

Dungeon Overview and Level Annotations

Branches:
Dungeon (4/15)
 Temple: D:4-7

Altars:

Annotations:
D:4 Grinder


Innate Abilities, Weirdness & Mutations

You are resistant to torment.
Your stone body is resilient. (AC +4)
You are immune to poison.
You resist negative energy. (rN+)
You are resistant to electric shocks. (rElec)
You can survive without breathing.
You are immune to petrification.
You are immune to rotting.


Message History

You hit the orc priest but do no damage.
The orc priest is heavily wounded.
The orc priest hits you but does no damage.
The orc priest hits you with a dagger.
You hit the orc priest but do no damage.
The orc priest is heavily wounded.
You block the orc priest's attack. x2
You sock the orc priest!
The orc priest is almost dead.
The orc priest invokes the aid of Beogh against you.
Beogh smites you!
* * * LOW HITPOINT WARNING * * *
The orc priest hits you but does no damage.
The orc priest hits you with a dagger.
* * * LOW HITPOINT WARNING * * *
You hit the orc priest but do no damage.
The orc priest is almost dead.
The orc priest calls down the wrath of Beogh upon you.
Beogh smites you!
You die...

#######5.oo.....
##.........
##....o.. #....o..
....?.. #......
###o## ##
#so######## #.###
##oo@......#
##...###.########...
#.....#..#
#.......## #......##
#......# ###....#
##.### ##.##


You could see a scorpion, 2 orc priests and 2 orcs.

Vanquished Creatures
  A worker ant (D:4)
  4 adders
  An ooze (D:1)
  2 worms
  2 dart slugs
  2 leopard geckos (D:3)
  5 orcs
  3 bats
  3 giant cockroaches (D:3)
  3 goblins
  6 hobgoblins
  10 kobolds
  A quokka (D:3)
  4 ball pythons
  3 frilled lizards
  7 rats
57 creatures vanquished.

Notes
Turn   | Place    | Note
-------+----------+-------------------------------------------
     0 | D:1      | JeffiDaFish the Gargoyle Fighter began the quest for the Orb.
     0 | D:1      | Reached XP level 1. HP: 14/14 MP: 1/1
    65 | D:1      | Reached XP level 2. HP: 15/19 MP: 2/2
   906 | D:2      | Reached XP level 3. HP: 23/23 MP: 3/3
  1588 | D:3      | Reached XP level 4. HP: 26/29 MP: 4/4
  2140 | D:4      | Reached XP level 5. HP: 23/33 MP: 5/5
  2155 | D:4      | Noticed Grinder
  2267 | D:4      | Killed from afar by an orc priest

Skill      XL: |  1  2  3  4  5 |
---------------+----------------+-----
Armour         | 4 |  4.2
Fighting       | 4 |  4.0
Maces & Flails | 3 |  3.2
Shields        | 4 |  4.0
Dodging        | |  0.7
Stealth        | |  0.2

Action                   |  1- 3 |  4- 6 || total
-------------------------+-------+-------++-------
Melee: Flail             |   125 |   161 ||   286
  Use: Potion            |     5 |     2 ||     7
       Scroll            |     5 |     3 ||     8
  Eat: Chunk             |     2 |     3 ||     5
Armor: Scale mail        |    61 |    12 ||    73
       Chain mail        |       |   123 ||   123
Dodge: Dodged            |    38 |    52 ||    90
Block: Shield            |    80 |   108 ||   188
